[ AOE2 MATCH · #463029192 ]
UnrankedMaya vs Vietnamese
[ REPLAY ANALYSIS · EXTRACTED FROM THE RECORDED GAME ]
Feudal
9:03
Castle
21:10
Imperial
34:37
| APM avg | 62.9 |
| APM peak | 115 |
| eAPM avg | 25.9 |
| Villagers / military | 110 / 250 |
Focus
⚔️ 45.1% · 🌾 54.9%
Archer ×194 · Eagle Scout ×34 · Trade Cart ×11 · Battering Ram ×11 · Scorpion ×6 · Trebuchet (Packed) ×4
Feudal
9:15
Castle
22:30
Imperial
39:34
| APM avg | 50.6 |
| APM peak | 93 |
| eAPM avg | 24.5 |
| Villagers / military | 177 / 289 |
Focus
⚔️ 35.6% · 🌾 64.4%
Archer ×198 · Skirmisher ×57 · Bombard Cannon ×13 · Monk ×7 · Trebuchet (Packed) ×6 · Mangonel ×3
Feudal
8:29
Castle
22:19
Imperial
43:02
| APM avg | 97.7 |
| APM peak | 253 |
| eAPM avg | 60.2 |
| Villagers / military | 198 / 274 |
Focus
⚔️ 73.0% · 🌾 27.0%
Knight ×148 · Scout Cavalry ×122 · Spearman ×4
Feudal
8:38
Castle
22:53
Imperial
42:04
| APM avg | 68.6 |
| APM peak | 171 |
| eAPM avg | 35.2 |
| Villagers / military | 179 / 436 |
Focus
⚔️ 53.5% · 🌾 46.5%
Scout Cavalry ×260 · Knight ×174 · Trade Cart ×32 · Monk ×2
Match map
Initial resources + every placement click. Lines = walls · curves = elevation contours. ◆ gold · ⬟ stone · ● berries · ✦ relic · ◌ wall gap
Inputs per minute
— VinceVinVin - - rockmonkey
Build order — VinceVinVin
First 150 of 490 actions detected
| 0:02 | Research | Loom |
| 0:02 | Queue | Villager (Male) |
| 0:03 | Queue | Villager (Male) |
| 0:04 | Build | House |
| 0:06 | Build | House |
| 0:21 | Queue | Villager (Male) |
| 1:40 | Queue | Villager (Male) |
| 2:01 | Queue | Villager (Male) |
| 2:11 | Build | Lumber Camp |
| 2:32 | Queue | Villager (Male) |
| 2:32 | Queue | Villager (Male) |
| 3:00 | Queue | Villager (Male) |
| 3:29 | Build | House |
| 3:30 | Build | House |
| 3:33 | Queue | Villager (Male) |
| 3:53 | Queue | Villager (Male) |
| 4:21 | Build | Mining Camp |
| 4:32 | Queue | Villager (Male) |
| 4:52 | Queue | Villager (Male) |
| 4:52 | Queue | Villager (Male) |
| 4:53 | Queue | Villager (Male) |
| 5:23 | Queue | Villager (Male) |
| 6:53 | Research | Feudal Age |
| 7:07 | Build | Lumber Camp |
| 7:40 | Build | Palisade Wall |
| 7:43 | Build | Palisade Wall |
| 7:52 | Queue | Villager (Male) |
| 7:58 | Build | Barracks |
| 8:31 | Build | House |
| 9:00 | Build | Palisade Wall |
| 9:03 | Age | Feudal Age |
| 9:07 | Queue | Villager (Male) |
| 9:18 | Build | Archery Range |
| 9:29 | Queue | Villager (Male) |
| 9:44 | Build | Mill |
| 9:51 | Build | Archery Range |
| 9:53 | Build | Palisade Wall |
| 10:02 | Build | Palisade Wall |
| 10:03 | Build | Palisade Wall |
| 10:04 | Queue | Archer |
| 10:27 | Queue | Villager (Male) |
| 10:42 | Queue | Archer |
| 10:46 | Queue | Villager (Male) |
| 11:15 | Queue | Archer |
| 11:15 | Queue | Archer |
| 11:21 | Queue | Villager (Male) |
| 11:51 | Build | Blacksmith |
| 11:52 | Queue | Villager (Male) |
| 11:57 | Build | House |
| 11:57 | Build | Palisade Wall |
| 12:00 | Build | House |
| 12:14 | Queue | Villager (Male) |
| 12:27 | Research | Horse Collar |
| 12:41 | Research | Double-Bit Axe |
| 12:45 | Queue | Archer |
| 12:45 | Queue | Archer |
| 12:59 | Build | House |
| 13:01 | Queue | Villager (Male) |
| 13:11 | Build | Palisade Wall |
| 13:16 | Build | House |
| 13:20 | Build | Palisade Wall |
| 13:23 | Queue | Villager (Male) |
| 13:29 | Build | Farm |
| 13:31 | Build | Farm |
| 13:34 | Build | Farm |
| 13:35 | Build | Farm |
| 13:40 | Research | Horse Collar |
| 13:44 | Queue | Villager (Male) |
| 13:48 | Queue | Archer |
| 13:48 | Queue | Archer |
| 13:49 | Queue | Archer |
| 13:57 | Build | Farm |
| 14:06 | Queue | Archer |
| 14:13 | Build | Palisade Wall |
| 14:15 | Queue | Archer |
| 14:20 | Queue | Villager (Male) |
| 14:29 | Queue | Villager (Male) |
| 14:32 | Build | Palisade Wall |
| 14:32 | Build | Palisade Wall |
| 14:36 | Queue | Villager (Male) |
| 14:45 | Queue | Villager (Male) |
| 14:47 | Build | Farm |
| 14:50 | Build | Farm |
| 14:59 | Queue | Archer |
| 14:59 | Queue | Archer |
| 15:17 | Build | Palisade Wall |
| 15:18 | Research | Fletching |
| 15:19 | Research | Padded Archer Armor |
| 15:33 | Build | House |
| 15:41 | Queue | Archer |
| 15:41 | Queue | Archer |
| 15:44 | Queue | Villager (Male) |
| 15:48 | Build | Farm |
| 15:57 | Build | House |
| 16:19 | Queue | Archer |
| 16:20 | Queue | Archer |
| 16:46 | Queue | Archer |
| 16:52 | Queue | Villager (Male) |
| 16:55 | Build | Farm |
| 16:56 | Build | Farm |
| 17:02 | Build | Palisade Wall |
| 17:08 | Queue | Archer |
| 17:08 | Queue | Archer |
| 17:10 | Queue | Villager (Male) |
| 17:13 | Build | Farm |
| 17:14 | Build | Farm |
| 17:32 | Build | House |
| 17:34 | Build | House |
| 17:36 | Build | Farm |
| 17:54 | Queue | Archer |
| 17:54 | Queue | Archer |
| 17:55 | Queue | Archer |
| 17:58 | Queue | Villager (Male) |
| 18:30 | Research | Castle Age |
| 19:33 | Queue | Archer |
| 19:33 | Queue | Archer |
| 19:34 | Queue | Archer |
| 19:34 | Queue | Archer |
| 19:58 | Queue | Archer |
| 19:59 | Queue | Villager (Male) |
| 20:43 | Queue | Archer |
| 20:43 | Queue | Archer |
| 21:10 | Age | Castle Age |
| 21:13 | Research | Bodkin Arrow |
| 21:14 | Research | Crossbowman (upgrade) |
| 21:16 | Research | Thumb Ring |
| 21:21 | Build | University |
| 21:32 | Research | Bow Saw |
| 22:14 | Research | Ballistics |
| 23:03 | Research | Leather Archer Armor |
| 23:03 | Queue | Villager (Male) |
| 23:04 | Queue | Villager (Male) |
| 23:07 | Queue | Villager (Male) |
| 23:31 | Queue | Villager (Male) |
| 23:32 | Build | House |
| 23:33 | Build | House |
| 23:43 | Queue | Villager (Male) |
| 23:50 | Build | Town Center |
| 23:56 | Queue | Villager (Male) |
| 24:14 | Queue | Villager (Male) |
| 24:21 | Queue | Archer |
| 24:21 | Queue | Archer |
| 24:23 | Queue | Archer |
| 24:35 | Queue | Villager (Male) |
| 24:36 | Research | Wheelbarrow |
| 24:40 | Research | Gold Mining |
| 24:46 | Queue | Villager (Male) |
| 24:56 | Build | Palisade Wall |
| 25:02 | Queue | Archer |
| 25:02 | Queue | Archer |
Build order — rockmonkey
First 150 of 596 actions detected
| 0:00 | Queue | Villager (Male) |
| 0:01 | Queue | Villager (Male) |
| 0:02 | Build | House |
| 0:03 | Build | House |
| 0:06 | Queue | Villager (Male) |
| 0:07 | Queue | Villager (Male) |
| 1:26 | Queue | Villager (Male) |
| 1:26 | Queue | Villager (Male) |
| 1:49 | Queue | Villager (Male) |
| 2:12 | Build | Lumber Camp |
| 2:22 | Queue | Villager (Male) |
| 2:22 | Queue | Villager (Male) |
| 2:48 | Queue | Villager (Male) |
| 3:30 | Queue | Villager (Male) |
| 3:30 | Queue | Villager (Male) |
| 3:45 | Build | House |
| 3:48 | Build | House |
| 3:53 | Queue | Villager (Male) |
| 3:53 | Queue | Villager (Male) |
| 4:50 | Queue | Villager (Male) |
| 4:50 | Queue | Villager (Male) |
| 4:51 | Queue | Villager (Male) |
| 5:02 | Queue | Villager (Male) |
| 5:17 | Build | Mining Camp |
| 5:46 | Queue | Villager (Male) |
| 5:49 | Queue | Villager (Male) |
| 5:57 | Research | Loom |
| 6:52 | Research | Feudal Age |
| 8:01 | Build | Barracks |
| 8:17 | Build | House |
| 8:19 | Build | Palisade Wall |
| 8:19 | Build | Palisade Wall |
| 8:43 | Queue | Villager (Male) |
| 9:15 | Age | Feudal Age |
| 9:20 | Build | Archery Range |
| 9:23 | Queue | Villager (Male) |
| 9:35 | Queue | Villager (Male) |
| 9:41 | Build | Archery Range |
| 9:54 | Build | House |
| 9:56 | Build | Palisade Wall |
| 9:58 | Build | Palisade Wall |
| 10:05 | Queue | Villager (Male) |
| 10:10 | Queue | Archer |
| 10:11 | Queue | Archer |
| 10:36 | Build | House |
| 10:36 | Queue | Archer |
| 10:48 | Queue | Villager (Male) |
| 11:00 | Build | House |
| 11:01 | Build | House |
| 11:03 | Build | House |
| 11:04 | Queue | Villager (Male) |
| 11:07 | Queue | Archer |
| 11:07 | Queue | Archer |
| 11:18 | Build | House |
| 11:21 | Build | Palisade Wall |
| 11:22 | Build | Palisade Wall |
| 11:24 | Queue | Villager (Male) |
| 11:36 | Research | Double-Bit Axe |
| 11:40 | Build | Mill |
| 11:43 | Queue | Villager (Male) |
| 11:45 | Queue | Archer |
| 11:57 | Queue | Archer |
| 11:57 | Queue | Archer |
| 12:05 | Queue | Villager (Male) |
| 12:09 | Queue | Archer |
| 12:15 | Queue | Villager (Male) |
| 12:30 | Build | Building 796 |
| 12:38 | Queue | Archer |
| 12:38 | Queue | Archer |
| 12:49 | Build | Blacksmith |
| 12:56 | Queue | Archer |
| 13:23 | Queue | Archer |
| 13:24 | Queue | Villager (Male) |
| 13:34 | Build | House |
| 13:40 | Build | Farm |
| 13:41 | Build | Farm |
| 13:43 | Build | Farm |
| 13:48 | Queue | Villager (Male) |
| 14:05 | Build | Farm |
| 14:14 | Queue | Villager (Male) |
| 14:26 | Queue | Archer |
| 14:26 | Queue | Archer |
| 14:34 | Queue | Villager (Male) |
| 14:38 | Build | Farm |
| 14:41 | Build | Farm |
| 15:00 | Research | Fletching |
| 15:14 | Queue | Villager (Male) |
| 15:14 | Queue | Villager (Male) |
| 15:28 | Queue | Villager (Male) |
| 15:31 | Queue | Archer |
| 15:32 | Queue | Archer |
| 15:39 | Queue | Villager (Male) |
| 15:41 | Build | Farm |
| 15:54 | Queue | Villager (Male) |
| 15:56 | Build | Farm |
| 16:36 | Queue | Villager (Male) |
| 16:36 | Queue | Villager (Male) |
| 16:37 | Queue | Archer |
| 16:37 | Queue | Archer |
| 16:38 | Queue | Archer |
| 17:01 | Queue | Villager (Male) |
| 17:03 | Research | Padded Archer Armor |
| 17:12 | Queue | Archer |
| 17:15 | Build | House |
| 17:20 | Build | Farm |
| 17:27 | Build | Lumber Camp |
| 17:40 | Queue | Archer |
| 17:40 | Queue | Archer |
| 17:45 | Build | Watch Tower |
| 17:49 | Queue | Villager (Male) |
| 17:57 | Queue | Villager (Male) |
| 18:04 | Queue | Archer |
| 18:04 | Queue | Archer |
| 18:19 | Queue | Archer |
| 18:19 | Queue | Archer |
| 18:29 | Queue | Archer |
| 18:29 | Queue | Archer |
| 18:45 | Queue | Archer |
| 18:46 | Queue | Archer |
| 18:46 | Queue | Villager (Male) |
| 18:49 | Build | Farm |
| 19:06 | Queue | Archer |
| 19:07 | Queue | Archer |
| 19:09 | Queue | Villager (Male) |
| 19:18 | Build | Market |
| 19:23 | Queue | Archer |
| 19:38 | Queue | Villager (Male) |
| 19:50 | Research | Castle Age |
| 19:55 | Queue | Archer |
| 19:56 | Queue | Archer |
| 20:12 | Build | House |
| 20:15 | Build | House |
| 20:15 | Build | House |
| 20:39 | Research | Horse Collar |
| 20:47 | Build | Farm |
| 20:47 | Build | Farm |
| 20:47 | Build | Farm |
| 20:52 | Queue | Archer |
| 20:52 | Queue | Archer |
| 21:06 | Queue | Archer |
| 21:07 | Queue | Archer |
| 21:20 | Queue | Villager (Male) |
| 21:45 | Build | Archery Range |
| 22:03 | Build | Lumber Camp |
| 22:19 | Queue | Archer |
| 22:19 | Queue | Archer |
| 22:20 | Queue | Villager (Male) |
| 22:30 | Age | Castle Age |
| 22:34 | Research | Bodkin Arrow |
| 22:35 | Research | Crossbowman (upgrade) |
Build order — z1unknown
First 150 of 697 actions detected
| 0:00 | Queue | Villager (Male) |
| 0:01 | Queue | Villager (Male) |
| 0:01 | Queue | Villager (Male) |
| 0:02 | Build | House |
| 0:03 | Build | House |
| 0:06 | Queue | Villager (Male) |
| 0:06 | Queue | Villager (Male) |
| 1:11 | Queue | Villager (Male) |
| 1:35 | Queue | Villager (Male) |
| 1:41 | Build | Lumber Camp |
| 2:36 | Queue | Villager (Male) |
| 2:52 | Queue | Villager (Male) |
| 3:09 | Queue | Villager (Male) |
| 3:15 | Build | House |
| 3:35 | Queue | Villager (Male) |
| 4:01 | Queue | Villager (Male) |
| 4:02 | Queue | Villager (Male) |
| 4:38 | Queue | Villager (Male) |
| 5:02 | Build | Mill |
| 5:09 | Research | Loom |
| 5:56 | Queue | Villager (Male) |
| 6:25 | Research | Feudal Age |
| 6:55 | Build | House |
| 7:01 | Build | House |
| 7:05 | Queue | Villager (Male) |
| 7:36 | Build | Barracks |
| 8:17 | Build | House |
| 8:29 | Age | Feudal Age |
| 8:33 | Build | Stable |
| 8:34 | Research | Double-Bit Axe |
| 8:38 | Queue | Spearman |
| 8:53 | Queue | Villager (Male) |
| 9:00 | Build | Farm |
| 9:04 | Queue | Villager (Male) |
| 9:17 | Queue | Scout Cavalry |
| 9:17 | Queue | Scout Cavalry |
| 9:19 | Research | Horse Collar |
| 9:24 | Build | Palisade Wall |
| 9:36 | Build | House |
| 9:48 | Build | Farm |
| 9:48 | Queue | Villager (Male) |
| 9:56 | Build | House |
| 10:04 | Queue | Scout Cavalry |
| 10:14 | Queue | Scout Cavalry |
| 10:16 | Build | Farm |
| 10:26 | Build | House |
| 10:27 | Build | House |
| 10:30 | Queue | Villager (Male) |
| 10:40 | Build | House |
| 10:48 | Build | Farm |
| 11:00 | Queue | Villager (Male) |
| 11:01 | Queue | Villager (Male) |
| 11:09 | Build | Farm |
| 11:15 | Build | Palisade Wall |
| 11:25 | Queue | Spearman |
| 11:30 | Queue | Scout Cavalry |
| 11:32 | Queue | Villager (Male) |
| 11:34 | Build | House |
| 11:53 | Build | Farm |
| 12:03 | Queue | Spearman |
| 12:03 | Queue | Villager (Male) |
| 12:10 | Queue | Scout Cavalry |
| 12:18 | Build | Farm |
| 12:20 | Build | Farm |
| 12:27 | Queue | Villager (Male) |
| 12:34 | Build | Building 800 |
| 12:41 | Queue | Villager (Male) |
| 12:46 | Queue | Scout Cavalry |
| 13:00 | Queue | Villager (Male) |
| 13:21 | Queue | Villager (Male) |
| 13:31 | Build | Farm |
| 13:42 | Queue | Villager (Male) |
| 13:44 | Build | Blacksmith |
| 13:45 | Build | Farm |
| 14:06 | Build | Farm |
| 14:09 | Queue | Villager (Male) |
| 14:11 | Queue | Spearman |
| 14:36 | Queue | Villager (Male) |
| 14:46 | Queue | Villager (Male) |
| 14:56 | Queue | Scout Cavalry |
| 14:59 | Research | Scale Barding Armor |
| 15:19 | Build | Farm |
| 15:20 | Build | Farm |
| 15:22 | Build | Farm |
| 15:24 | Build | Farm |
| 15:26 | Build | Farm |
| 15:29 | Queue | Villager (Male) |
| 15:35 | Queue | Villager (Male) |
| 15:48 | Build | Mining Camp |
| 16:02 | Queue | Scout Cavalry |
| 16:13 | Queue | Villager (Male) |
| 16:16 | Queue | Scout Cavalry |
| 16:26 | Queue | Villager (Male) |
| 16:30 | Queue | Villager (Male) |
| 16:38 | Build | Farm |
| 16:39 | Build | Farm |
| 16:39 | Build | Farm |
| 16:41 | Build | Farm |
| 16:50 | Queue | Scout Cavalry |
| 17:13 | Queue | Villager (Male) |
| 17:21 | Build | Farm |
| 17:24 | Research | Wheelbarrow |
| 17:29 | Build | Farm |
| 17:30 | Queue | Scout Cavalry |
| 17:42 | Build | Farm |
| 18:09 | Queue | Scout Cavalry |
| 18:15 | Build | Farm |
| 18:17 | Build | Farm |
| 18:24 | Queue | Scout Cavalry |
| 18:37 | Queue | Villager (Male) |
| 18:41 | Build | Farm |
| 19:01 | Queue | Villager (Male) |
| 19:06 | Build | House |
| 19:08 | Build | House |
| 19:17 | Queue | Scout Cavalry |
| 19:17 | Queue | Villager (Male) |
| 19:34 | Build | Farm |
| 19:42 | Build | House |
| 19:48 | Build | Farm |
| 19:54 | Research | Castle Age |
| 19:57 | Queue | Scout Cavalry |
| 20:06 | Build | House |
| 20:09 | Build | House |
| 20:13 | Build | House |
| 20:17 | Queue | Scout Cavalry |
| 20:31 | Queue | Scout Cavalry |
| 20:32 | Queue | Villager (Male) |
| 20:35 | Build | Stable |
| 20:44 | Queue | Scout Cavalry |
| 20:50 | Research | Bloodlines |
| 20:59 | Queue | Scout Cavalry |
| 21:02 | Build | House |
| 21:12 | Queue | Scout Cavalry |
| 21:17 | Queue | Scout Cavalry |
| 21:30 | Queue | Scout Cavalry |
| 21:36 | Build | Stable |
| 21:40 | Queue | Scout Cavalry |
| 21:41 | Queue | Scout Cavalry |
| 22:02 | Queue | Scout Cavalry |
| 22:06 | Research | Gold Mining |
| 22:10 | Build | Mining Camp |
| 22:14 | Queue | Scout Cavalry |
| 22:19 | Age | Castle Age |
| 22:23 | Research | Light Cavalry (upgrade) |
| 22:27 | Queue | Villager (Male) |
| 22:34 | Queue | Scout Cavalry |
| 22:47 | Queue | Villager (Male) |
| 22:49 | Queue | Scout Cavalry |
| 22:58 | Queue | Villager (Male) |
| 23:12 | Research | Chain Barding Armor |
Build order — _stranikk_
First 150 of 628 actions detected
| 0:06 | Queue | Villager (Male) ×4 |
| 0:09 | Build | House |
| 0:10 | Build | House |
| 1:24 | Queue | Villager (Male) |
| 1:48 | Queue | Villager (Male) |
| 1:48 | Queue | Villager (Male) |
| 1:53 | Build | House |
| 2:17 | Queue | Villager (Male) |
| 2:17 | Queue | Villager (Male) |
| 2:35 | Queue | Villager (Male) |
| 2:36 | Queue | Villager (Male) |
| 2:45 | Build | House |
| 3:05 | Queue | Villager (Male) |
| 3:06 | Queue | Villager (Male) |
| 3:43 | Queue | Villager (Male) |
| 3:45 | Queue | Villager (Male) |
| 3:54 | Queue | Villager (Male) |
| 4:22 | Queue | Villager (Male) |
| 5:25 | Research | Loom |
| 5:57 | Build | Lumber Camp |
| 6:28 | Research | Feudal Age |
| 6:29 | Research | Feudal Age |
| 6:54 | Queue | Villager (Male) ×3 |
| 7:27 | Build | House |
| 8:38 | Age | Feudal Age |
| 8:41 | Build | Stable |
| 8:41 | Research | Double-Bit Axe |
| 8:42 | Research | Double-Bit Axe |
| 9:00 | Queue | Villager (Male) |
| 9:04 | Build | House |
| 9:06 | Build | Mill |
| 9:15 | Build | Farm |
| 9:16 | Build | Farm |
| 9:23 | Queue | Scout Cavalry |
| 9:24 | Queue | Scout Cavalry |
| 9:24 | Queue | Scout Cavalry |
| 9:26 | Queue | Villager (Male) |
| 9:37 | Build | Farm |
| 9:40 | Build | Palisade Wall |
| 9:45 | Build | Palisade Wall |
| 9:56 | Queue | Villager (Male) |
| 10:02 | Build | House |
| 10:09 | Queue | Scout Cavalry |
| 10:09 | Queue | Scout Cavalry |
| 10:15 | Build | Farm |
| 10:25 | Queue | Villager (Male) |
| 10:42 | Build | Palisade Wall |
| 10:44 | Queue | Villager (Male) |
| 10:47 | Build | Farm |
| 10:53 | Build | Farm |
| 11:01 | Queue | Scout Cavalry |
| 11:03 | Build | House |
| 11:27 | Queue | Villager (Male) |
| 11:32 | Build | Farm |
| 11:33 | Build | Farm |
| 11:36 | Queue | Scout Cavalry |
| 12:02 | Queue | Scout Cavalry |
| 12:04 | Queue | Villager (Male) |
| 12:24 | Build | Farm |
| 12:26 | Build | House |
| 12:30 | Queue | Villager (Male) |
| 12:35 | Queue | Scout Cavalry |
| 12:36 | Queue | Scout Cavalry |
| 12:52 | Queue | Scout Cavalry |
| 13:03 | Queue | Villager (Male) ×3 |
| 13:06 | Research | Horse Collar |
| 13:12 | Queue | Scout Cavalry |
| 13:29 | Queue | Villager (Male) |
| 13:39 | Queue | Scout Cavalry |
| 13:54 | Queue | Villager (Male) |
| 13:57 | Build | Farm |
| 13:57 | Build | Farm |
| 13:58 | Build | Farm |
| 14:04 | Queue | Scout Cavalry |
| 14:05 | Queue | Villager (Male) |
| 14:19 | Build | Blacksmith |
| 14:31 | Queue | Scout Cavalry |
| 14:39 | Queue | Villager (Male) |
| 14:40 | Queue | Villager (Male) |
| 14:44 | Build | Farm |
| 15:09 | Queue | Scout Cavalry |
| 15:11 | Research | Scale Barding Armor |
| 15:28 | Queue | Villager (Male) |
| 15:34 | Research | Forging |
| 15:34 | Research | Forging |
| 16:06 | Queue | Villager (Male) |
| 16:07 | Queue | Scout Cavalry |
| 16:08 | Queue | Scout Cavalry |
| 16:35 | Build | Mining Camp |
| 17:12 | Queue | Villager (Male) |
| 17:13 | Queue | Villager (Male) |
| 17:13 | Queue | Villager (Male) |
| 17:19 | Queue | Villager (Male) |
| 17:24 | Build | House |
| 17:34 | Build | Palisade Wall |
| 17:40 | Queue | Scout Cavalry |
| 17:41 | Queue | Scout Cavalry |
| 17:41 | Queue | Scout Cavalry |
| 17:44 | Queue | Villager (Male) |
| 17:46 | Build | Lumber Camp |
| 17:52 | Queue | Villager (Male) |
| 17:55 | Build | House |
| 18:11 | Queue | Villager (Male) |
| 18:12 | Queue | Scout Cavalry |
| 18:38 | Queue | Villager (Male) |
| 18:51 | Queue | Villager (Male) |
| 18:53 | Build | House |
| 19:25 | Queue | Villager (Male) |
| 19:26 | Queue | Scout Cavalry |
| 19:32 | Build | House |
| 19:40 | Build | Stable |
| 20:13 | Research | Castle Age |
| 20:21 | Build | Farm |
| 20:23 | Build | Farm |
| 20:24 | Build | Farm |
| 20:24 | Build | Farm |
| 20:37 | Research | Bloodlines |
| 20:44 | Build | Farm |
| 21:01 | Queue | Scout Cavalry |
| 21:01 | Queue | Scout Cavalry |
| 21:21 | Queue | Scout Cavalry |
| 21:24 | Build | Farm |
| 21:25 | Build | Farm |
| 21:27 | Build | Farm |
| 21:32 | Build | Farm |
| 21:40 | Queue | Scout Cavalry |
| 21:55 | Build | Farm |
| 21:58 | Build | Farm |
| 21:59 | Build | Farm |
| 22:04 | Queue | Villager (Male) |
| 22:09 | Queue | Scout Cavalry |
| 22:09 | Queue | Scout Cavalry |
| 22:14 | Queue | Villager (Male) |
| 22:53 | Age | Castle Age |
| 22:55 | Research | Light Cavalry (upgrade) |
| 22:56 | Research | Chain Barding Armor |
| 23:02 | Queue | Knight |
| 23:03 | Build | Farm |
| 23:14 | Queue | Villager (Male) |
| 23:14 | Build | House |
| 23:15 | Build | House |
| 23:15 | Build | House |
| 23:20 | Queue | Knight |
| 23:20 | Queue | Knight |
| 23:27 | Research | Wheelbarrow |
| 23:27 | Research | Wheelbarrow |
| 23:45 | Queue | Villager (Male) |
| 23:46 | Queue | Knight |
| 23:48 | Queue | Villager (Male) |
| 23:56 | Queue | Knight |
Match timeline
| 7:36 | z1unknown · first_building Barracks |
| 7:40 | VinceVinVin · wall_segment Palisade Wall x3 |
| 7:43 | VinceVinVin · wall_segment Palisade Wall x3 |
| 7:58 | VinceVinVin · first_building Barracks |
| 8:01 | rockmonkey · first_building Barracks |
| 8:19 | rockmonkey · wall_segment Palisade Wall x4 |
| 8:19 | rockmonkey · wall_segment Palisade Wall x3 |
| 8:29 | z1unknown · age_up feudal |
| 8:33 | z1unknown · first_building Stable |
| 8:38 | _stranikk_ · age_up feudal |
| 8:41 | _stranikk_ · first_building Stable |
| 9:00 | VinceVinVin · wall_segment Palisade Wall x5 |
| 9:03 | VinceVinVin · age_up feudal |
| 9:15 | rockmonkey · age_up feudal |
| 9:18 | VinceVinVin · first_building Archery Range |
| 9:20 | rockmonkey · first_building Archery Range |
| 9:24 | z1unknown · wall_segment Palisade Wall x4 |
| 9:40 | _stranikk_ · wall_segment Palisade Wall x7 |
| 9:45 | _stranikk_ · wall_segment Palisade Wall x4 |
| 9:53 | VinceVinVin · wall_segment Palisade Wall x1 |
| 9:56 | rockmonkey · wall_segment Palisade Wall x11 |
| 9:58 | rockmonkey · wall_segment Palisade Wall x5 |
| 10:02 | VinceVinVin · wall_segment Palisade Wall x1 |
| 10:03 | VinceVinVin · wall_segment Palisade Wall x1 |
| 10:42 | _stranikk_ · wall_segment Palisade Wall x1 |
| 11:15 | z1unknown · wall_segment Palisade Wall x7 |
| 11:21 | rockmonkey · wall_segment Palisade Wall x5 |
| 11:22 | rockmonkey · wall_segment Palisade Wall x4 |
| 11:57 | VinceVinVin · wall_segment Palisade Wall x1 |
| 13:11 | VinceVinVin · wall_segment Palisade Wall x1 |
| 13:20 | VinceVinVin · wall_segment Palisade Wall x1 |
| 14:13 | VinceVinVin · wall_segment Palisade Wall x1 |
| 14:32 | VinceVinVin · wall_segment Palisade Wall x1 |
| 14:32 | VinceVinVin · wall_segment Palisade Wall x1 |
| 15:17 | VinceVinVin · wall_segment Palisade Wall x1 |
| 17:02 | VinceVinVin · wall_segment Palisade Wall x1 |
| 17:34 | _stranikk_ · wall_segment Palisade Wall x16 |
| 21:10 | VinceVinVin · age_up castle |
| 22:19 | z1unknown · age_up castle |
| 22:30 | rockmonkey · age_up castle |
| 22:53 | _stranikk_ · age_up castle |
| 23:03 | rockmonkey · first_building Siege Workshop |
| 24:17 | rockmonkey · first_market_sell 100 wood |
| 24:54 | rockmonkey · first_market_buy 100 stone |
| 24:56 | VinceVinVin · wall_segment Palisade Wall x1 |
| 25:10 | _stranikk_ · first_building Monastery |
| 26:11 | z1unknown · first_market_buy 100 food |
| 26:17 | rockmonkey · first_building Monastery |
| 26:25 | VinceVinVin · first_building Siege Workshop |
| 29:16 | z1unknown · first_market_sell 100 food |
| 29:39 | VinceVinVin · wall_segment Stone Wall x1 |
| 29:40 | VinceVinVin · wall_segment Stone Wall x1 |
| 29:41 | VinceVinVin · wall_segment Stone Wall x1 |
| 32:51 | VinceVinVin · first_market_sell 100 wood |
| 34:25 | rockmonkey · first_building Castle |
| 34:37 | VinceVinVin · age_up imperial |
| 36:47 | _stranikk_ · first_market_sell 100 food |
| 36:48 | _stranikk_ · first_market_buy 100 wood |
| 38:19 | VinceVinVin · wall_segment Stone Wall x1 |
| 38:20 | VinceVinVin · wall_segment Stone Wall x16 |
| 39:16 | VinceVinVin · first_market_buy 100 stone |
| 39:18 | VinceVinVin · first_building Castle |
| 39:34 | rockmonkey · age_up imperial |
| 39:44 | z1unknown · first_building Monastery |
| 42:04 | _stranikk_ · age_up imperial |
| 42:14 | VinceVinVin · wall_segment Stone Wall x13 |
| 42:17 | VinceVinVin · wall_segment Stone Wall x2 |
| 43:02 | z1unknown · age_up imperial |
| 43:20 | _stranikk_ · first_building Castle |
| 44:15 | _stranikk_ · wall_segment Stone Wall x37 |
| 44:27 | _stranikk_ · wall_segment Stone Wall x1 |
| 45:23 | _stranikk_ · wall_segment Stone Wall x18 |
| 46:04 | VinceVinVin · wall_segment Stone Wall x1 |
| 48:37 | _stranikk_ · wall_segment Stone Wall x94 |
| 49:15 | _stranikk_ · wall_segment Stone Wall x12 |
| 54:23 | z1unknown · first_building Castle |
| 54:59 | rockmonkey · resign |
[ AI ANALYSIS · 1 CREDIT ]
What really happened in this match?
Wolo.gg analyzes every decision: build order, eco, micro, common mistakes by bracket. Personalized analysis on WhatsApp or Discord in 30 seconds.
Civ guide
Maya
Perfil
Jugador #5527436